 Dungeon Crawl Stone Soup version 0.28-a0-1080-g05a166d0ed (webtiles) character file.

Game seed: 3995593153138592588

1 yoda5477 the Sneak (level 1, -3/18 HPs)
             Began as a Demonspawn Delver on Dec 9, 2021.
             Slain by an iguana (4 damage)
             ... on level 5 of the Dungeon.
             The game lasted 00:02:34 (240 turns).

yoda5477 the Sneak (Demonspawn Delver)               Turns: 240, Time: 00:02:35

Health: -3/18      AC:  3    Str: 12    XL:     1   Next: 16%
Magic:  1/1        EV: 11    Int: 11    God:
Gold:   0          SH:  0    Dex: 14    Spells: 0/0 levels left

rFire   . . .      SeeInvis .   a - +0 hand axe
rCold   . . .      Faith    .   (no shield)
rNeg    . . .      Spirit   .   b - +0 leather armour
rPois   .          Reflect  .   (no helmet)
rElec   .          Harm     .   (no cloak)
rCorr   .          Rampage  .   (no gloves)
Will    .....                   (no boots)
Stlth   ++........              (no amulet)
HPRegen 0.06/turn               (no ring)
MPRegen 0.07/turn               (no ring)

@: no status effects
A: no striking features
a: no special abilities


You were on level 5 of the Dungeon.
You visited 1 branch of the dungeon, and saw 1 of its levels.

Inventory:

Hand Weapons
 a - a +0 hand axe (weapon)
Armour
 b - a +0 leather armour (worn)
Wands
 g - a wand of digging (3)
Scrolls
 d - a scroll of magic mapping
 e - a scroll of fear
Potions
 f - a potion of haste
 h - a potion of might {unknown}


   Skills:
 - Level 3.0 Fighting
 * Level 1.8 Axes
 * Level 0.1 Armour
 - Level 1.7 Dodging
 - Level 4.5 Stealth


You couldn't memorise any spells.
You didn't know any spells.
Your spell library was empty.

Dungeon Overview and Level Annotations

Branches:
Dungeon (5/15)
 Temple: D:4-7

Altars:
Zin


Message History

Found 13 gold pieces.
A jackal comes into view.
An orc comes into view. It is wielding a +0 hand axe.
The jackal bites you. The jackal barely misses you.
You closely miss the jackal. The jackal closely misses you.
You hit the jackal.
The jackal is heavily wounded.
The jackal bites you but does no damage.
The jackal bites you.
You closely miss the jackal.
The jackal is moderately wounded.
The jackal closely misses you. x2
You hit the jackal.
The jackal is almost dead.
The jackal closely misses you. The jackal bites you.
You hit the jackal.
You kill the jackal!
The iguana bites you!
Ouch! That really hurt!
Found 10 gold pieces.
You see here 21 gold pieces.
An ufetubus comes into view.
Found a glowing silver altar of Zin.
You see here a jackal corpse.
As you read the scroll of fog, it crumbles to dust.
The scroll dissolves into smoke.
The iguana bites you!
Ouch! That really hurt!
* * * LOW HITPOINT WARNING * * *
You see here a jackal corpse.
The iguana hisses menacingly.
The iguana hisses menacingly.
You hit the iguana but do no damage.
The iguana hisses menacingly.
The iguana bites you!
* * * LOW HITPOINT WARNING * * *
You barely miss the iguana. The iguana barely misses you.
You hit the iguana but do no damage. The iguana closely misses you.
The iguana bites you.
You die...

#.#.#..##.##..##
##..##.##..#
#.#.##.##..#
##..#......#
#.....###.# #
#..#.## #.## #.
#..#.####..#######
#.#.l#.†............
#...@#.#####.######
#.##.#.### #.# #.#
#.#...###.## #.#
#........>.# ..#
###.#.###..# ##
#.#.# #..#
######$#.###..#
#..............#
#.##.##.#.###..#


You could see an iguana.

Vanquished Creatures
  A jackal (D:5)
1 creature vanquished.

Notes
Turn   | Place    | Note
-------+----------+-------------------------------------------
     0 | D:5      | yoda5477 the Demonspawn Delver began the quest for the Orb.
     0 | D:5      | Reached XP level 1. HP: 18/18 MP: 1/1
     4 | D:5      | Noticed an iguana
   240 | D:5      | Slain by an iguana

Illustrated notes

Levels and vault maps discovered:
D:5:      lemuel_castle_with_subvaults [lemuel_castle_interior_carwin_3],
          layout_loops_ring, kennysheep_orc_sif_temple,
          mainiacjoe_overflow_concentric_impassable, amcnicky_mini_pool_small,
          uniq_blork_the_orc, uniq_edmund

Action                   || total
-------------------------++-------
Melee: Hand axe          ||     8
  Use: Scroll            ||     1
Armor: Leather armour    ||     1
Dodge: Dodged            ||     7

Table legend: (Time is in decaauts)
 A = Elapsed time spent in this place.
 B = Non-inter-level travel time spent in this place.
 C = Inter-level travel time spent in this place.
 D = Time resting spent in this place.
 E = Time spent auto-exploring this place.
 F = Levels seen in this place.
 G = Mean time per level.
                   A        B        C        D        E       F      G
               +--------+--------+--------+--------+--------+-----+--------+
         Total |    241 |    241 |      0 |      0 |      0 |   1 |  241.0 |
       Dungeon |    241 |    241 |      0 |      0 |      0 |   1 |  241.0 |
               +--------+--------+--------+--------+--------+-----+--------+

Top non-repeatable levels by time:
     D:5: 241 daAuts
